 Dungeon Crawl Stone Soup version 0.28-a0-586-gbdb9d174a4 (webtiles) character file.

Game seed: 8884844374789974642

3514 Conn the Firebug (level 10, -3/60 (61) HPs)
             Began as an Octopode Fire Elementalist on Oct 3, 2021.
             Was a Follower of Sif Muna.
             Slain by a wight (11 damage)
             ... on level 8 of the Dungeon.
             The game lasted 00:26:57 (9910 turns).

Conn the Firebug (Octopode Fire Elementalist)       Turns: 9910, Time: 00:27:00

HP:   -3/60 (61)    AC:  1    Str:  8    XL:     10   Next: 8%
MP:   11/20         EV: 14    Int: 20    God:    Sif Muna [*.....]
Gold: 1014          SH:  0    Dex: 13    Spells: 10/23 levels left

rFire   . . .      SeeInvis .   d - +5 war axe (freeze)
rCold   . . .      Faith    +   (no shield)
rNeg    + . .      Spirit   .   (helmet restricted)
rPois   .          Reflect  .   j - amulet of faith
rElec   .          Harm     .   a - ring of positive energy
rCorr   .          Rampage  .   (no ring)
Will    .....                   (no ring)
Stlth   ++++......              (no ring)
HPRegen 0.20/turn               (no ring)
MPRegen 0.17/turn               (no ring)
                                (no ring)
                                (no ring)

@: very slightly contaminated, lightly drained
A: almost no armour, amphibious, 8 rings, camouflage 1, gelatinous body 1,
(nimble swimmer 1), tentacles
a: Renounce Religion, Channel Magic


You were on level 8 of the Dungeon.
You worshipped Sif Muna.
Sif Muna was aware of your devotion.
You visited 2 branches of the dungeon, and saw 9 of its levels.
You also visited: Sewer and Ossuary.

You collected 1014 gold pieces.

Inventory:

Hand Weapons
 b - a +0 falchion
 d - a +5 war axe of freezing (weapon)
 i - a +2 war axe of freezing
Missiles
 c - 21 poisoned darts
Magical Staves
 g - a staff of cold
Jewellery
 a - a ring of positive energy (left tentacle)
 j - an amulet of faith (around mantle)
Wands
 p - a wand of charming (8)
 v - a wand of polymorph (8)
Scrolls
 h - 2 scrolls of fear
 k - a scroll of enchant armour
 o - a scroll of teleportation
 q - a scroll of fog
 t - a scroll of magic mapping
Potions
 e - 2 potions of degeneration
 f - 7 potions of heal wounds
 m - a potion of haste
 n - 2 potions of might
 s - a potion of experience
 u - a potion of ambrosia
 w - a potion of brilliance


   Skills:
 + Level 2.4 Fighting
 + Level 0.1 Long Blades
 + Level 5.2 Axes
 + Level 4.1 Dodging
 + Level 5.5 Stealth
 * Level 7.2 Spellcasting
 + Level 5.2 Conjurations
 + Level 1.6 Hexes
 * Level 7.4 Fire Magic


You had 10 spell levels left.
You knew the following spells:

 Your Spells              Type           Power      Damage    Failure   Level
a - Foxfire               Conj/Fire      100%       2x1d9     1%          1
b - Conjure Flame         Conj/Fire      32%        6-21      1%          3
c - Inner Flame           Hex/Fire       25%        N/A       4%          3
d - Flame Wave            Conj/Fire      32%        3d7       7%          4
e - Scorch                Fire           74%        2d9       1%          2

Your spell library contained the following spells:

 Spells                   Type           Power      Damage    Failure   Level
 Olgreb's Toxic Radiance  Pois           7%         N/A       67%         4
 Ozocubu's Refrigeration  Ice            3%         4d5       100%        7
 Ignition                 Fire           18%        3d7       100%        8


Dungeon Overview and Level Annotations

Branches:
Dungeon (8/15)             Temple (1/1) D:7           Sewer (visited)
Ossuary (visited)
   Lair: D:8-11

Altars:
Elyvilon
Gozag
Kikubaaqudgha
Makhleb
Nemelex Xobeh
Okawaru
Qazlal
Ru
Sif Muna
Wu Jian
Xom
Yredelemnul

Shops:
D:8 (


Innate Abilities, Weirdness & Mutations

You cannot wear most types of armour.
You are amphibious.
You can wear up to eight rings at the same time.
Your skin changes colour to match your surroundings (Stealth+).
Your rubbery body absorbs attacks. (AC +1, EV +1)
((You are camouflaged near water. (Stealth+)))
You have tentacles for arms and can constrict up to eight enemies at once.


Message History

Found a stone staircase leading down.
There is a stone staircase leading up here.
Unknown command.
Casting: Foxfire (safe; 1% risk of failure)
Confirm with . or Enter, or press ? or * to list all spells.
Casting: Flame Wave (dangerous; 7% risk of failure)
Press: ? - help, Dir - look around, f - activate You miscast Flame Wave.
You are very lightly contaminated with residual magic.
Nothing appears to happen.
The hound completely misses you.
The wight hits you with a +0 morningstar.
You partially resist.
You feel drained.
Casting: Flame Wave (dangerous; 7% risk of failure)
Confirm with . or Enter, or press ? or * to list all spells.
Casting: Flame Wave (dangerous; 7% risk of failure)
Press: ? - help, Dir - look around, f - activate A wave of flame ripples out!
The flame wave engulfs the wight.
The wight is moderately damaged.
The flame wave engulfs the wight!
The wight is almost destroyed.
The flame wave engulfs the hound!
The hound is almost dead. (Press . to intensify the flame waves.)
The hound barely misses you. The hound bites you. The wight misses you.
The wight hits you with a +4 long sword!
* * * LOW HITPOINT WARNING * * *
A wave of flame ripples out!
The flame wave engulfs the wight!
The wight is almost destroyed.
The flame wave engulfs the wight!
You destroy the wight!
Sif Muna accepts your kill.
You can now call upon Sif Muna for magical energy.
The flame wave engulfs the hound!
You kill the hound!
Sif Muna accepts your kill.
The flame wave engulfs the wight!
The wight is almost destroyed.
The wight barely misses you.
The wight hits you from afar with a +0 trident!
You die...

####.......#
###..........#
##.............
#..............
...............
..)..z...8.....
.....z.........
#....8z@.∩.>.8.
#......)†......
#........8...$#
##...........##
#.........###
#######..## ..#
..#


You could see 3 wights.

Vanquished Creatures
  Pikel (D:5)
  A kobold demonologist (D:6)
  Maggie (D:6)
  Grinder (D:3)
  A wraith (Ossuary)
  Eustachio (D:5)
  Edmund (D:6)
  A water moccasin (D:5)
  Purgy (Sewer)
  A black bear (D:5)
  An ice beast (D:7)
  A sky beast (D:7)
  2 ogres
  2 scorpions (D:7)
  A water moccasin skeleton (D:6)
  10 wights
  A bullfrog zombie (D:7)
  4 hounds
  2 orc priests
  3 jellies
  A human zombie (Ossuary)
  2 centaur skeletons
  2 bullfrog skeletons (D:5)
  2 iguanas
  Ijyb (D:5)
  3 orc wizards
  3 mummies (Ossuary)
  3 gnolls
  6 adders
  An ufetubus (D:7)
  4 worms
  20 orcs
  9 ball pythons
  11 endoplasms
  6 giant cockroaches
  2 gnoll zombies (Ossuary)
  8 goblins
  3 hobgoblins
  5 kobolds
  4 quokkas
  3 bats
  4 frilled lizards
  A goblin zombie (Ossuary)
  4 hobgoblin zombies (Ossuary)
  4 kobold zombies (Ossuary)
  4 rats
153 creatures vanquished.

Vanquished Creatures (others)
  A centaur zombie (D:7)
  2 orcs (D:4)
  571 foxfires
574 creatures vanquished.

Grand Total: 727 creatures vanquished

Notes
Turn   | Place    | Note
-------+----------+-------------------------------------------
     0 | D:1      | Conn the Octopode Fire Elementalist began the quest for the
                  | Orb.
     0 | D:1      | Reached XP level 1. HP: 11/11 MP: 3/3
   382 | D:1      | Reached XP level 2. HP: 9/17 MP: 0/5
  1273 | D:1      | Reached XP level 3. HP: 21/21 MP: 4/6
  1555 | D:2      | Found a faded altar of an unknown god.
  1660 | D:2      | Found an opulent altar of Gozag.
  2008 | D:2      | Reached XP level 4. HP: 27/27 MP: 3/7
  2204 | D:2      | You fall into a shaft and drop 1 floor!
  2664 | D:3      | Noticed Grinder
  2775 | D:3      | Found a glowing drain.
  2783 | Sewer    | Entered a sewer
  2876 | Sewer    | Noticed Purgy
  2955 | Sewer    | Killed Purgy
  2956 | Sewer    | Reached XP level 5. HP: 31/31 MP: 0/9
  3429 | D:3      | Learned a level 3 spell: Conjure Flame
  3433 | D:3      | Learned a level 3 spell: Inner Flame
  3436 | D:3      | Learned a level 2 spell: Scorch
  3546 | D:3      | Reached skill level 1 in Axes
  3546 | D:3      | Reached XP level 6. HP: 29/36 MP: 5/11
  3964 | D:3      | Killed Grinder
  4143 | D:4      | Reached XP level 7. HP: 9/42 MP: 7/12
  5542 | D:4      | Reached skill level 1 in Fighting
  5716 | D:5      | Entered Level 5 of the Dungeon
  5742 | D:5      | Noticed Eustachio
  5802 | D:5      | Noticed Ijyb
  5809 | D:5      | HP: 2/43 [spore (27)]
  5809 | D:5      | Killed Ijyb
  6127 | D:5      | Found an ornate altar of the Wu Jian Council.
  6236 | D:5      | Killed Eustachio
  6237 | D:5      | Reached skill level 5 in Fire Magic
  6237 | D:5      | Reached XP level 8. HP: 48/48 MP: 7/14
  6242 | D:5      | Noticed Pikel
  6358 | D:5      | Killed Pikel
  6359 | D:5      | Reached skill level 5 in Stealth
  6359 | D:5      | Reached skill level 5 in Spellcasting
  6359 | D:5      | Reached skill level 1 in Hexes
  7395 | D:6      | Learned a level 4 spell: Flame Wave
  7400 | D:6      | Noticed a kobold demonologist
  7407 | D:6      | Killed a kobold demonologist
  7408 | D:6      | Reached XP level 9. HP: 54/54 MP: 9/17
  7771 | D:6      | Noticed Maggie
  7773 | D:6      | Noticed Edmund
  7792 | D:6      | Killed Edmund
  8340 | D:6      | Killed Maggie
  8502 | D:7      | Found a staircase to the Ecumenical Temple.
  8526 | D:7      | Found a sacrificial altar of Ru.
  8531 | D:7      | Reached skill level 5 in Conjurations
  8735 | D:7      | Reached skill level 5 in Axes
  8901 | Temple   | Entered the Ecumenical Temple
  8929 | Temple   | Became a worshipper of Sif Muna the Loreminder
  8987 | D:7      | Found a sand-covered staircase.
  8992 | Ossuary  | Entered an ossuary
  9054 | Ossuary  | Identified a scroll of acquirement
  9054 | Ossuary  | Acquired 754 gold pieces
  9158 | Ossuary  | Reached XP level 10. HP: 61/61 MP: 4/20
  9907 | D:8      | Found Burumebe's Antique Weapon Emporium.
  9910 | D:8      | Reached * piety under Sif Muna
  9910 | D:8      | Slain by a wight

Illustrated notes

Levels and vault maps discovered:
D:1:      minmay_arrival_wavy_path, layout_basic
D:2:      layout_loops_ring, basic_altar, chequers_ecumenical_altar_island
D:3:      layout_loops_corners, cheibrodos_sewer_entry_sluice, uniq_grinder
D:4:      layout_basic
D:5:      layout_loops_ring, pdpol_wu_jian_five_deadly_venoms,
          kennysheep_decorative_pillar, uniq_pikel, uniq_ijyb, uniq_eustachio
D:6:      layout_rooms, corexii_leaking_fountain, grunt_decor_arrowhead,
          uniq_edmund, uniq_maggie
D:7:      layout_basic, nicolae_ru_sacrificial_ziggurat,
          minmay_temple_entry_sparse_star, enter_ossuary_2
D:8:      layout_cave_pods, dpeg_oklobed_lair, nicolae_stop_n_shop_2,
          nicolae_transmutations_shop
Temple:   regret_index_temple_mists

Skill      XL: |  1  2  3  4  5  6  7  8  9 |
---------------+----------------------------+-----
Stealth        | 3 4 5 |  5.5
Spellcasting   | 3 4 5 7 |  7.2
Conjurations   | 2 3 4 5 |  5.2
Fire Magic     | 4 5 7 |  7.4
Axes           | 1 3 4 5 |  5.2
Dodging        | 3 4 |  4.1
Fighting       | 1 2 |  2.4
Hexes          | 1 |  1.6
Long Blades    | |  0.1

Action                   |  1- 3 |  4- 6 |  7- 9 | 10-12 || total
-------------------------+-------+-------+-------+-------++-------
Melee: Unarmed           |     6 |       |       |       ||     6
       Falchion          |     9 |     1 |       |       ||    10
       Constrict         |     2 |     4 |    12 |     2 ||    20
       Tentacles         |     1 |     2 |    11 |     1 ||    15
       War axe           |       |    22 |    63 |     5 ||    90
 Cast: Foxfire           |    58 |    55 |   205 |    10 ||   328
       Inner Flame       |       |     1 |    14 |       ||    15
       Conjure Flame     |       |       |     7 |     1 ||     8
       Scorch            |       |       |     4 |       ||     4
       Flame Wave        |       |       |     5 |     3 ||     8
Evoke: Wand              |       |       |     1 |       ||     1
  Use: Scroll            |       |     3 |    10 |     4 ||    17
       Potion            |       |     2 |     6 |       ||     8
 Stab: Sleeping          |     2 |     1 |     2 |     1 ||     6
       Invisible         |       |       |     2 |       ||     2
Armor: Skin              |     1 |     5 |     5 |       ||    11
Dodge: Dodged            |    21 |    24 |    78 |    16 ||   139

Table legend: (Time is in decaauts)
 A = Elapsed time spent in this place.
 B = Non-inter-level travel time spent in this place.
 C = Inter-level travel time spent in this place.
 D = Time resting spent in this place.
 E = Time spent auto-exploring this place.
 F = Levels seen in this place.
 G = Mean time per level.
                   A        B        C        D        E       F      G
               +--------+--------+--------+--------+--------+-----+--------+
         Total |   9959 |   9831 |    128 |   1278 |   6163 |  11 |  905.4 |
       Dungeon |   8684 |   8556 |    128 |   1060 |   5427 |   8 | 1085.5 |
        Temple |     44 |     44 |      0 |      0 |      0 |   1 |   44.0 |
         Sewer |    434 |    434 |      0 |      0 |    315 |   1 |  434.0 |
       Ossuary |    795 |    795 |      0 |    218 |    421 |   1 |  795.0 |
               +--------+--------+--------+--------+--------+-----+--------+

Top non-repeatable levels by time:
     D:3: 1716 daAuts
     D:5: 1590 daAuts
     D:1: 1555 daAuts
     D:4: 1360 daAuts
     D:6: 967 daAuts
     D:2: 887 daAuts
 Ossuary: 795 daAuts
     D:7: 604 daAuts
   Sewer: 434 daAuts
  Temple: 44 daAuts
     D:8: 2 daAuts
